 Dungeon Crawl Stone Soup version 0.28.0-45-g0d030f2227 (webtiles) character file.

Game seed: 6433619927681841954

86 Ablot the Cutter (level 4, -5/41 HPs)
             Began as a Gnoll Chaos Knight on Apr 11, 2022.
             Was a Plaything of Xom.
             Slain by a scorpion (7 damage)
             ... while paralysed by you
             ... on level 3 of the Dungeon.
             The game lasted 00:02:41 (2328 turns).

Ablot the Cutter (Gnoll Chaos Knight)               Turns: 2328, Time: 00:02:41

Health: -5/41      AC:  7    Str: 13 (14) XL:     4   Next: 50%
Magic:  5/5        EV:  2    Int:  9      God:    Xom [......]
Gold:   109        SH:  0    Dex: 11      Spells: 5/5 levels left

rFire   . . .      SeeInvis .   a - +0 short sword (chaos)
rCold   . . .      Faith    .   (no shield)
rNeg    . . .      Spirit   .   b - +2 leather armour
rPois   .          Reflect  .   (no helmet)
rElec   .          Harm     .   (no cloak)
rCorr   .          Rampage  .   (no gloves)
Will    .....                   (no boots)
Stlth   +.........              (no amulet)
HPRegen 0.13/turn               (no ring)
MPRegen 0.09/turn               (no ring)

@: paralysed, lethally poisoned (-5 -> -9), hasted
A: fangs 1, strong nose, distributed training, talons 1, iridescent scales 1,
dopey 1
a: Renounce Religion


You were on level 3 of the Dungeon.
You worshipped Xom.
You were a very special plaything of Xom.
You visited 1 branch of the dungeon, and saw 3 of its levels.

You collected 109 gold pieces.

Inventory:

Hand Weapons
 a - a +0 short sword of chaos (weapon)
Missiles
 d - 55 stones (quivered)
 g - 15 bolts
Armour
 b - a +2 leather armour (worn)
Scrolls
 c - a scroll of summoning {unknown}
 e - a scroll of noise {unknown}
 h - 2 scrolls of identify {unknown}
 k - a scroll of vulnerability {unknown}
 l - a scroll of blinking {unknown}
 m - a scroll of teleportation {unknown}
Potions
 f - a potion of curing {unknown}
 i - a potion of ambrosia {unknown}
 j - a potion of berserk rage {unknown}


   Skills:
 + Level 6.6 Fighting
 + Level 6.6 Short Blades
 + Level 1.1 Long Blades
 + Level 1.1 Axes
 + Level 1.1 Maces & Flails
 + Level 1.1 Polearms
 + Level 1.1 Staves
 + Level 1.1 Slings
 + Level 1.1 Bows
 + Level 1.1 Crossbows
 + Level 1.1 Throwing
 + Level 4.6 Armour
 + Level 2.7 Dodging
 + Level 1.1 Stealth
 + Level 1.1 Shields
 + Level 1.1 Unarmed Combat
 + Level 1.1 Spellcasting
 + Level 0.9 Conjurations
 + Level 0.9 Hexes
 + Level 0.9 Summonings
 + Level 0.9 Necromancy
 + Level 0.9 Translocations
 + Level 0.9 Transmutations
 + Level 0.9 Fire Magic
 + Level 0.9 Ice Magic
 + Level 0.9 Air Magic
 + Level 0.9 Earth Magic
 + Level 0.9 Poison Magic
 + Level 1.2 Invocations
 + Level 1.1 Evocations


You had 5 spell levels left.
You didn't know any spells.
Your spell library contained the following spells:

 Spells                   Type           Power      Damage    Failure   Level
 Slow                     Hex            8%         N/A       30%         1
 Confusing Touch          Hex            2%         N/A       67%         3
 Vampiric Draining        Necr           2%         2d6       67%         3


Dungeon Overview and Level Annotations

Branches:
Dungeon (3/15)

Altars:

Shops:
D:3 =


Innate Abilities, Weirdness & Mutations

You have very sharp teeth.
Your uncanny sense of smell can sniff out nearby items.
Your experience applies equally to all skills.
You have sharp toenails.
You are partially covered in iridescent scales. (AC +2)
You are dopey. (Int -2)


Message History

You feel sick.
Throw: 57 stones
Press: ? - help, Q - select action Shift-Dir - straight line, f/p - scorpion
Aim: a scorpion (lightly wounded, 59% to hit)
You throw a stone.
The stone hits the scorpion but does no damage.
The scorpion is lightly wounded.
You feel sick.
Xom asks Qazlal to spice things up a little.
Throw: 56 stones
Press: ? - help, Q - select action Shift-Dir - straight line, f/p - scorpion
Aim: a scorpion (lightly wounded, 59% to hit)
You throw a stone. The stone hits the scorpion.
The scorpion is lightly wounded.
You are engulfed in seething chaos.
You feel sick.
You barely miss the scorpion. Your kick misses the scorpion.
The scorpion is lightly wounded.
You are engulfed in seething chaos.
You feel yourself speed up.
You feel sick.
You are no longer poisoned.
The scorpion barely misses you.
You barely miss the scorpion.
You claw the scorpion, but do no damage.
The scorpion is lightly wounded.
You are engulfed in seething chaos.
You suddenly lose the ability to move!
You hear Xom's maniacal laughter.
You feel weakened. The scorpion stings you!
You are poisoned.
The scorpion poisons you!
You are engulfed in seething chaos.
You feel sick. The scorpion stings you.
* * * LOW HITPOINT WARNING * * *
You are engulfed in seething chaos.
* * * LOW HITPOINT WARNING * * *
You feel sick. The scorpion stings you.
* * * LOW HITPOINT WARNING * * *
You are engulfed in seething chaos.
* * * LOW HITPOINT WARNING * * *
You feel sick. The scorpion stings you!
You die...
Xom thinks this is hilarious!

......#.#..........# #.# #
......#)#..........# #.#########
......#.#..........####.##.......
.####÷#.#................#.######
......#......>......###..#.#
.####.#####...##.##.# #..#.#
....#..# #...##.##.# #..#.# .
..#..## #...##.##.# #..#†#
..#.#...# #....#@##.# #..#.#
..#.#.#.###...##s##.# ...#.#
................S.#.# #..#.#
###.#.#..###....(.# #.######
....#.##.# ......# ∆ #.......
#####.. ... ......# #########
#####.##......# .# #####
#########..#.##.#(# #.# .....
................).#∆ ... #####


You could see a scorpion and an adder.

Vanquished Creatures
  3 adders
  2 worms (D:3)
  An orc (D:3)
  7 bats
  3 endoplasms
  2 giant cockroaches
  8 hobgoblins
  A quokka (D:1)
  8 ball pythons
  4 goblins
  7 kobolds
  7 rats
53 creatures vanquished.

Notes
Turn   | Place    | Note
-------+----------+-------------------------------------------
     0 | D:1      | Ablot the Gnoll Chaos Knight began the quest for the Orb.
     0 | D:1      | Reached XP level 1. HP: 23/23 MP: 1/1
   399 | D:1      | XOM: butterfly on damage
   403 | D:1      | Reached XP level 2. HP: 12/28 MP: 2/2
   696 | D:1      | XOM: potion effect (might)
   731 | D:1      | XOM: divination: detect creatures
   811 | D:1      | XOM: silly message
   820 | D:1      | XOM: silly message
  1024 | D:1      | Reached XP level 3. HP: 35/35 MP: 3/3
  1317 | D:2      | Reached skill level 1 in Invocations
  1451 | D:2      | XOM: scenery: summon butterflies
  1567 | D:2      | XOM: 7-stop teleportation journey
  1974 | D:3      | XOM: give mutations
  1974 | D:3      | Gained mutation: You are frail. (-10% HP) [Xom's mischief]
  1974 | D:3      | Gained mutation: You are very frail. (-20% HP) [Xom's
                  | mischief]
  1974 | D:3      | Gained mutation: You are dopey. (Int -2) [Xom's mischief]
  1974 | D:3      | Lost mutation: You are very frail. (-20% HP) [Xom's
                  | mischief]
  1977 | D:3      | Reached skill level 1 in Long Blades
  1977 | D:3      | Reached skill level 1 in Axes
  1977 | D:3      | Reached skill level 1 in Maces & Flails
  1977 | D:3      | Reached skill level 1 in Polearms
  1977 | D:3      | Reached skill level 1 in Staves
  1977 | D:3      | Reached skill level 1 in Slings
  1977 | D:3      | Reached skill level 1 in Bows
  1977 | D:3      | Reached skill level 1 in Crossbows
  1977 | D:3      | Reached skill level 1 in Throwing
  1977 | D:3      | Reached skill level 1 in Stealth
  1977 | D:3      | Reached skill level 1 in Shields
  1977 | D:3      | Reached skill level 1 in Unarmed Combat
  1977 | D:3      | Reached skill level 1 in Spellcasting
  1977 | D:3      | Reached skill level 1 in Evocations
  2009 | D:3      | Found Dahuh's Jewellery Boutique.
  2077 | D:3      | Reached XP level 4. HP: 31/36 MP: 5/5
  2136 | D:3      | XOM: give mutations
  2136 | D:3      | Gained mutation: You sometimes lose the ability to read
                  | scrolls when taking damage. [Xom's mischief]
  2136 | D:3      | Gained mutation: You have sharp toenails. [Xom's mischief]
  2160 | D:3      | XOM: give mutations
  2160 | D:3      | Lost mutation: You are frail. (-10% HP) [Xom's mischief]
  2160 | D:3      | Lost mutation: You sometimes lose the ability to read
                  | scrolls when taking damage. [Xom's mischief]
  2160 | D:3      | Gained mutation: You are partially covered in iridescent
                  | scales. (AC +2) [Xom's mischief]
  2310 | D:3      | Noticed a scorpion
  2318 | D:3      | XOM: 4-stop teleportation journey
  2322 | D:3      | XOM: chaos cloud
  2325 | D:3      | Paralysed by you for 3 turns
  2325 | D:3      | XOM: stat loss: -1 Str (13/14)
  2328 | D:3      | HP: 2/41 [poisoned by a scorpion]
  2328 | D:3      | Slain by a scorpion

Illustrated notes

Levels and vault maps discovered:
D:1:      onia_arrival_pentagram, layout_basic, serial_glass, glass_columns_a,
          glass_columns_c, due_unseen_surprise, item_on_display_a,
          minmay_strange_pillars, minmay_strange_pillars
D:2:      layout_basic
D:3:      layout_basic, nicolae_gozag_cash_rules_everything_around_me,
          chequers_ecumenical_altar_simple, cheibrodos_sewer_entry_drain,
          serial_shops, nicolae_shop_behind_doors, grunt_ministairs_6

Skill      XL: |  1  2  3 |
---------------+----------+-----
Invocations    | 1 |  1.2
Long Blades    | 1 |  1.1
Axes           | 1 |  1.1
Maces & Flails | 1 |  1.1
Polearms       | 1 |  1.1
Staves         | 1 |  1.1
Slings         | 1 |  1.1
Bows           | 1 |  1.1
Crossbows      | 1 |  1.1
Throwing       | 1 |  1.1
Stealth        | 1 |  1.1
Shields        | 1 |  1.1
Unarmed Combat | 1 |  1.1
Spellcasting   | 1 |  1.1
Evocations     | 1 |  1.1
Fighting       | |  6.6
Short Blades   | |  6.6
Armour         | |  4.6
Dodging        | |  2.7
Conjurations   | |  0.9
Hexes          | |  0.9
Summonings     | |  0.9
Necromancy     | |  0.9
Translocations | |  0.9
Transmutations | |  0.9
Fire Magic     | |  0.9
Ice Magic      | |  0.9
Air Magic      | |  0.9
Earth Magic    | |  0.9
Poison Magic   | |  0.9

Action                   |  1- 3 |  4- 6 || total
-------------------------+-------+-------++-------
Melee: Short sword       |   127 |    32 ||   159
       Bite              |     8 |     7 ||    15
       Punch             |     1 |     1 ||     2
       Kick              |       |    12 ||    12
Throw: Stone             |       |     5 ||     5
Armor: Leather armour    |    37 |     2 ||    39
Dodge: Dodged            |    81 |    14 ||    95
